 Dungeon Crawl Stone Soup version 0.28-a0-1152-g9c71ebef14 (webtiles) character file.

Game seed: 10500500397130921036

368 ducksouse the Shooter (level 6, -10/34 HPs)
             Began as a Deep Elf Arcane Marksman on Dec 14, 2021.
             Was an Initiate of Elyvilon.
             Mangled by a kobold (16 damage)
             ... on level 3 of the Dungeon.
             The game lasted 00:20:07 (3012 turns).

ducksouse the Shooter (Deep Elf Arcane Marksman)    Turns: 3012, Time: 00:20:08

Health: -10/34     AC:  6    Str:  7    XL:     6   Next: 41%
Magic:  12/12      EV: 12    Int: 18    God:    Elyvilon [......]
Gold:   94         SH:  0    Dex: 17    Spells: 7/11 levels left

rFire   + . .      SeeInvis .   j - +1 spear (flame)
rCold   x . .      Faith    .   (no shield)
rNeg    . . .      Spirit   .   b - +3 leather armour
rPois   .          Reflect  .   (no helmet)
rElec   .          Harm     .   (no cloak)
rCorr   .          Rampage  .   (no gloves)
Will    .....                   (no boots)
Stlth   ++........              (no amulet)
HPRegen 0.11/turn               m - ring of fire
MPRegen 0.13/turn               o - +4 ring of slaying

@: no status effects
A: no striking features
a: Renounce Religion


You were on level 3 of the Dungeon.
You worshipped Elyvilon.
Elyvilon was noncommittal.
You visited 1 branch of the dungeon, and saw 4 of its levels.

You collected 94 gold pieces.

Inventory:

Hand Weapons
 a - a +0 shortbow
 f - a +0 short sword of protection
 j - a +1 spear of flaming (weapon)
Missiles
 c - 14 arrows
Armour
 b - a +3 leather armour (worn)
 d - a +0 robe
Jewellery
 m - a ring of fire (left hand)
 n - a ring of flight
 o - a +4 ring of slaying (right hand)
Wands
 h - a wand of flame (12)
Scrolls
 k - 2 scrolls of identify {unknown}
 l - a scroll of vulnerability {unknown}
Potions
 e - a potion of brilliance {unknown}
 g - a potion of degeneration {unknown}
 i - a potion of curing {unknown}


   Skills:
 + Level 1.6 Fighting
 + Level 1.2 Polearms
 + Level 6.1 Bows
 + Level 0.9 Armour
 + Level 2.6 Dodging
 + Level 0.7 Stealth
 + Level 3.2 Spellcasting
 + Level 5.6 Hexes


You had 7 spell levels left.
You knew the following spells:

 Your Spells              Type           Power      Damage    Failure   Level
a - Slow                  Hex            92%        N/A       2%          1
b - Portal Projectile     Hex/Tloc       24%        N/A       22%         3

Your spell library contained the following spells:

 Spells                   Type           Power      Damage    Failure   Level
 Inner Flame              Hex/Fire       19%        N/A       22%         3
 Beastly Appendage        Tmut           4%         N/A       24%         1
 Cause Fear               Hex            11%        N/A       24%         4
 Corpse Rot               Necr/Air       4%         N/A       34%         2
 Poisonous Vapours        Pois/Air       4%         N/A       34%         2
 Wereblood                Tmut           2%         N/A       34%         2
 Spider Form              Tmut/Pois      2%         N/A       56%         3


Dungeon Overview and Level Annotations

Branches:
Dungeon (4/15)
 Temple: D:4-7

Altars:
Elyvilon
Kikubaaqudgha


Message History

Fire: 15 arrows
Press: ? - help, Q - select action, (/) - cycle Shift-Dir - straight line, f/p - kobold
Aim: a kobold, wielding a +0 short sword of electrocution (slow, 61% to hit)
You shoot an arrow. The arrow barely misses the kobold.
You feel sick.
A jackal comes into view.
You feel sick. The kobold closely misses you.
You feel sick. The kobold barely misses you.
You feel sick.
You are no longer poisoned.
The gnoll hits you but does no damage.
The kobold hits you with a +0 short sword of electrocution.
* * * LOW HITPOINT WARNING * * *
The gnoll closely misses you. x2
There is a stone staircase leading up here.
You feel yourself speed up. The gnoll hits you with a +0 club.
* * * LOW HITPOINT WARNING * * *
The kobold hits you with a +0 short sword of electrocution.
* * * LOW HITPOINT WARNING * * *
You climb upwards.
There is a stone staircase leading down here.
Your +1 spear of flaming bursts into flame!
j - a +1 spear of flaming (weapon)
The gnoll misses you.
You hit the gnoll but do no damage. The kobold barely misses you.
The gnoll closely misses you.
Unknown command.
You puncture the gnoll! You burn the gnoll.
The gnoll is severely wounded.
The gnoll closely misses you.
You hit the gnoll but do no damage.
The gnoll is severely wounded.
The kobold barely misses you. The gnoll barely misses you.
You hit the gnoll. You burn the gnoll.
You kill the gnoll!
The kobold hits you with a +0 short sword of electrocution.
* * * LOW HITPOINT WARNING * * *
You are electrocuted!
You die...

#....####.....#.........#
#(...#
##....#.........####
#....# ##...######.#.....#
#....# #...# #.#.....#
###.## #...# #.#.....# #.#
#...# #.......# ###.#
##.## ##......# ....#
#.#########.....# # ....##
#...)@..# #.....# ##
.....# #....K..# #.....#
##. .....# #.......#
#.....# ##.. .....#
###.......# #.....###..#
....## #.#.#..####
###.####..## .....#
#...#..## ##.# #.##
.....#####.......# #..#
#.#
..)..#.........#.######.##
#.#
....##.........#.[......#
#.#


You could see a kobold (slow).

Vanquished Creatures
  A kobold brigand (D:4)
  A water moccasin zombie (D:3)
  An orc priest (D:3)
  A hound (D:3)
  Jessica (D:2)
  2 orc wizards (D:3)
  4 gnolls
  2 adders
  An ufetubus (D:4)
  2 orcs
  6 endoplasms
  2 giant cockroaches
  7 goblins
  4 hobgoblins
  4 quokkas
  4 ball pythons
  4 bats
  2 frilled lizards
  4 kobolds
  5 rats
58 creatures vanquished.

Notes
Turn   | Place    | Note
-------+----------+-------------------------------------------
     0 | D:1      | ducksouse the Deep Elf Arcane Marksman began the quest for
                  | the Orb.
     0 | D:1      | Reached XP level 1. HP: 11/11 MP: 5/5
   146 | D:1      | Reached skill level 3 in Bows
   282 | D:1      | Reached XP level 2. HP: 15/16 MP: 6/6
   970 | D:2      | Noticed Jessica
   973 | D:2      | Reached skill level 1 in Fighting
   987 | D:2      | Killed Jessica
   988 | D:2      | Reached skill level 4 in Bows
   988 | D:2      | Reached XP level 3. HP: 20/20 MP: 7/7
  1413 | D:2      | Reached XP level 4. HP: 15/25 MP: 8/8
  1720 | D:2      | Found a white marble altar of Elyvilon.
  1921 | D:2      | Became a worshipper of Elyvilon the Healer
  1954 | D:3      | Reached skill level 5 in Bows
  2126 | D:3      | Learned a level 3 spell: Portal Projectile
  2208 | D:3      | Reached XP level 5. HP: 28/29 MP: 8/11
  2287 | D:3      | Reached skill level 5 in Hexes
  2381 | D:3      | Found an ancient bone altar of Kikubaaqudgha.
  2741 | D:3      | Reached skill level 1 in Polearms
  2741 | D:3      | Reached XP level 6. HP: 22/34 MP: 12/12
  2999 | D:4      | Reached skill level 6 in Bows
  3012 | D:3      | Mangled by a kobold

Illustrated notes

Levels and vault maps discovered:
D:1:      shiori_arrival_elements, layout_basic
D:2:      layout_basic, basic_altar, uniq_jessica
D:3:      layout_rooms, mainiacjoe_overflow_brackets, st_stairs_1
D:4:      layout_rooms, kennysheep_mini, temple_doors_ab,
          hangedman_decor_slide_cut

Skill      XL: |  1  2  3  4  5  6 |
---------------+-------------------+-----
Bows           | 3 4 5 6 |  6.1
Fighting       | 1 |  1.6
Spellcasting   | 2 3 |  3.2
Hexes          | 5 |  5.6
Polearms       | 1 |  1.2
Armour         | |  0.9
Dodging        | |  2.6
Stealth        | |  0.7

Action                   |  1- 3 |  4- 6 || total
-------------------------+-------+-------++-------
Melee: Short sword       |    20 |       ||    20
       Spear             |       |    22 ||    22
 Fire: Shortbow          |    81 |    81 ||   162
 Cast: Slow              |    10 |    26 ||    36
  Use: Scroll            |       |     3 ||     3
Armor: Leather armour    |    29 |     6 ||    35
Dodge: Dodged            |    45 |    35 ||    80

Table legend: (Time is in decaauts)
 A = Elapsed time spent in this place.
 B = Non-inter-level travel time spent in this place.
 C = Inter-level travel time spent in this place.
 D = Time resting spent in this place.
 E = Time spent auto-exploring this place.
 F = Levels seen in this place.
 G = Mean time per level.
                   A        B        C        D        E       F      G
               +--------+--------+--------+--------+--------+-----+--------+
         Total |   3027 |   2924 |    103 |    319 |    772 |   4 |  756.8 |
       Dungeon |   3027 |   2924 |    103 |    319 |    772 |   4 |  756.8 |
               +--------+--------+--------+--------+--------+-----+--------+

Top non-repeatable levels by time:
     D:2: 1218 daAuts
     D:1: 976 daAuts
     D:3: 807 daAuts
     D:4: 24 daAuts
